 Dungeon Crawl Stone Soup version 0.29-a0-416-g83a48905f1 (webtiles) character file.

Game seed: 17531500084287960471

196346 spiderkeys the Warrior (level 17, -13/144 HPs)
             Began as a Mummy Abyssal Knight on May 17, 2022.
             Was the Champion of Lugonu.
             Killed from afar by a tengu reaver (62 damage)
             ... with a bolt of acid
             ... on level 14 of the Dungeon.
             The game lasted 01:37:29 (47686 turns).

spiderkeys the Warrior (Mummy Abyssal Knight)      Turns: 47686, Time: 01:37:29

Health: -13/144    AC: 36    Str: 29    XL:     17   Next: 74%
Magic:  12/23      EV:  7    Int: 11    God:    Lugonu [******]
Gold:   1496       SH: 13    Dex: 24    Spells: 16/16 levels left

rFire   + . .      SeeInvis .   j - +7 demon trident (elec)
rCold   + + +      Faith    .   f - +0 kite shield
rNeg    + + +      Spirit   .   a - +8 plate armour of the Riding Gods {rElec rF+ rC++}
rPois   ∞          Reflect  .   L - +2 helmet of Giyg {rElec rF+ Int+2}
rElec   +          Harm     .   T - +2 cloak
rCorr   .          Rampage  .   Z - +2 pair of gloves {infuse}
Will    ++...                   h - +0 pair of boots
Stlth   ..........              g - amulet of regeneration
HPRegen 1.14/turn               J - ring of the Singing King {+Blink Str+6 Dex+4}
MPRegen 0.18/turn               D - ring "Wasocero" {Wiz Dex+6}

@: studying Necromancy
A: cold resistance 1, negative energy resistance 3, torment resistance 2, heat
vulnerability 1, in touch with death 2, no potions
}: 1/15 runes: decaying
a: Renounce Religion, Evoke Blink, Depart the Abyss, Bend Space, Banish,
Corrupt, Enter the Abyss


You were on level 14 of the Dungeon.
You worshipped Lugonu.
Lugonu was exalted by your worship.
You visited 5 branches of the dungeon, and saw 28 of its levels.
You visited the Abyss 1 time.
You also visited: Sewer, Gauntlet and Ice Cave.

You collected 2616 gold pieces.
You spent 1120 gold pieces at shops.


Innate Abilities, Weirdness & Mutations

You are immune to poison.
Your flesh is cold resistant. (rC+)
You are immune to negative energy. (rN+++)
You are immune to unholy pain and torment.
You are vulnerable to heat. (rF-)
You are strongly in touch with the powers of death.
You do not drink.


   Skills:
 + Level 16.1 Fighting
 + Level 13.6 Polearms
 - Level 10.0 Throwing
 + Level 13.5 Armour
 - Level 0.7 Dodging
 - Level 10.0 Shields
 - Level 9.0 Invocations


You had 16 spell levels left.
You didn't know any spells.
Your spell library contained the following spells:

 Spells                   Type           Power      Damage    Failure   Level
 Apportation              Tloc           0%         N/A       86%         1
 Freeze                   Ice            0%         1d3       86%         1
 Magic Dart               Conj           0%         1d3       86%         1
 Pain                     Necr           0%         1d4       86%         1
 Call Imp                 Summ           0%         N/A       95%         2
 Corpse Rot               Necr/Air       0%         N/A       95%         2
 Ensorcelled Hibernation  Hex/Ice        0%         N/A       95%         2
 Poisonous Vapours        Pois/Air       0%         N/A       95%         2
 Searing Ray              Conj           0%         2d4       95%         2
 Static Discharge         Conj/Air       0%         N/A       95%         2
 Dazzling Flash           Conj/Hex       0%         N/A       99%         3
 Frozen Ramparts          Ice            0%         1d2       99%         3
 Ignite Poison            Fire/Tmut/Pois 0%         N/A       99%         3
 Mephitic Cloud           Conj/Pois/Air  0%         N/A       99%         3
 Stone Arrow              Conj/Erth      0%         3d7       99%         3
 Tukima's Dance           Hex            0%         N/A       99%         3
 Anguish                  Hex/Necr       0%         N/A       100%        4
 Animate Armour           Summ/Erth      0%         N/A       100%        4
 Dispel Undead            Necr           0%         3d6       100%        4
 Fulminant Prism          Conj/Hex       0%         3d6       100%        4
 Hailstorm                Conj/Ice       0%         3d3       100%        4
 Leda's Liquefaction      Hex/Erth       0%         N/A       100%        4
 Passage of Golubria      Tloc           0%         N/A       100%        4
 Sticky Flame             Conj/Fire      0%         2d3       100%        4
 Summon Ice Beast         Ice/Summ       0%         N/A       100%        4
 Agony                    Necr           0%         N/A       100%        5
 Alistair's Intoxication  Tmut/Pois      0%         N/A       100%        5
 Excruciating Wounds      Necr           0%         N/A       100%        5
 Freezing Cloud           Conj/Ice/Air   0%         6-21      100%        5
 Lee's Rapid Deconstruct  Erth           0%         3d5*      100%        5
 Metabolic Englaciation   Hex/Ice        0%         N/A       100%        5
 Silence                  Hex/Air        0%         N/A       100%        5
 Yara's Violent Unravell  Hex/Tmut       0%         3d3       100%        5
 Death Channel            Necr           0%         N/A       100%        6
 Simulacrum               Ice/Necr       0%         N/A       100%        6
 Enfeeble                 Hex            0%         N/A       100%        7
 Ozocubu's Refrigeration  Ice            0%         4d5       100%        7
 Lehudib's Crystal Spear  Conj/Erth      0%         10d2      100%        8
 Polar Vortex             Ice            0%         N/A       100%        9
 Spider Form              Tmut/Pois      Unusable   N/A       N/A         3
 Statue Form              Tmut/Erth      Unusable   N/A       N/A         6

Inventory:

Hand Weapons
 b - the +6 flail "Otagiz" {spect, rPois rF- Str+4 Stlth+}
   (You found it on level 1 of the Snake Pit)

   When its wielder attacks, the weapon's spirit leaps out and strikes again.
   The spirit shares a part of any damage it takes with its wielder.
   Str:       It affects your strength (+4).
   rF:        It makes you vulnerable to fire.
   rPois:     It protects you from poison.
   Stlth:     It makes you more stealthy.
 j - a +7 demon trident of electrocution (weapon)
   (You acquired it on level 6 of the Lair of Beasts)
 u - a +3 demon trident of distortion
   (You took it off Mara on level 2 of the Swamp)
Missiles
 l - 107 poisoned darts
 n - 4 silver javelins
 v - 4 atropa-tipped darts
 z - 10 javelins
 B - 17 boomerangs
 V - a curare-tipped dart {=f}
Armour
 a - the +8 plate armour of the Riding Gods (worn) {rElec rF+ rC++}
   (You found it on level 5 of the Lair of Beasts)

   rF:        It protects you from fire.
   rC:        It greatly protects you from cold.
   rElec:     It insulates you from electricity.
 f - a +0 kite shield (worn)
   (You took it off a tengu warrior on level 12 of the Dungeon)
 h - a +0 pair of boots (worn)
   (You bought it in a shop on level 10 of the Dungeon)
 L - the +2 helmet of Giyg (worn) {rElec rF+ Int+2}
   (You found it in a Gauntlet)

   Int:       It affects your intelligence (+2).
   rF:        It protects you from fire.
   rElec:     It insulates you from electricity.
 T - a +2 cloak (worn)
   (You took it off Maurice on level 8 of the Dungeon)
 Z - a +2 pair of gloves of infusion (worn)
   (You bought it in a shop on level 10 of the Dungeon)
Jewellery
 g - an amulet of regeneration (around neck)
   (You found it in a Gauntlet)
 A - an amulet of the acrobat
   (You found it on level 4 of the Swamp)
 D - the ring "Wasocero" (right hand) {Wiz Dex+6}
   (You found it in a Gauntlet)

   [ring of wizardry]

   It improves your spell success rate.
   Dex:       It affects your dexterity (+6).
 J - the ring of the Singing King (left hand) {+Blink Str+6 Dex+4}
   (You found it on level 10 of the Dungeon)

   [ring of strength]

   Str:       It affects your strength (+6).
   Dex:       It affects your dexterity (+4).
   +Blink:    It lets you blink.
 R - a ring of resist corrosion
   (You found it on level 10 of the Dungeon)
Wands
 d - a wand of paralysis (21)
   (You found it on level 1 of the Lair of Beasts)
 s - a wand of acid (6)
   (You found it on level 5 of the Dungeon)
 w - a wand of flame (67)
   (You took it off Ijyb on level 5 of the Dungeon)
 F - a wand of polymorph (13)
   (You found it on level 6 of the Dungeon)
 K - a wand of digging (4)
   (You found it on level 6 of the Dungeon)
 M - a wand of charming (24)
   (You found it on level 8 of the Dungeon)
 Q - a wand of mindburst (7)
   (You found it in a Gauntlet)
 U - a wand of iceblast (23)
   (You found it on level 7 of the Dungeon)
Scrolls
 c - 4 scrolls of silence {!r}
 e - 3 scrolls of fog
 i - 17 scrolls of teleportation {@r4}
 k - 4 scrolls of amnesia
 p - 6 scrolls of magic mapping {!r}
 r - 5 scrolls of fear
 t - 4 scrolls of summoning
 x - 8 scrolls of immolation {!r!r}
 y - 7 scrolls of blinking {!r}
 E - 7 scrolls of identify {@r1}
 I - 4 scrolls of vulnerability {!r!r}
 O - 4 scrolls of poison
 X - 5 scrolls of enchant armour
Miscellaneous
 N - a box of beasts
   (You found it in a Gauntlet)
 W - a condenser vane
   (You found it on level 5 of the Lair of Beasts)
 Y - a phial of floods
   (You found it on level 14 of the Dungeon)

Dungeon Overview and Level Annotations

Branches:
Dungeon (15/15)            Temple (0/1) D:6            Lair (6/6) D:11
  Swamp (4/4) Lair:4        Snake (1/4) Lair:4        Slime (0/5) Lair:5
    Orc (2/2) D:10            Elf (0/3) Orc:2        Vaults (0/5) D:14
 Depths (0/4) D:15          Sewer (visited)           IceCv (visited)
Gauntlet (visited)

Altars:
Ashenzari
Cheibriados
Dithmenos
Fedhas
Hepliaklqana
Nemelex Xobeh
Okawaru
Qazlal
Ru
Sif Muna
Trog
Vehumet
Xom
The Shining One
Beogh
Jiyva

Shops:
D:4 (   D:9 ?   D:10 !([[[   Orc:2 [(:**   Snake:1 :=:

Annotations:
D:9 2 transporters, Taurus's ghost, novice DECj
D:14 3 runed translucent doors
Lair:6 exclusion: ice statue
Abyss:1 Azrael

#.#..#......# #.
#.#..#.#....############.
#.#..#.#######..)........
#.#..#.##........######..
#.#.....#.#####........<.
##.##.#..#.#....#.######..
#.....#..#.#..#.#.# ##..
##'''###Q##.####.#.# #...
##.....##..@......#.# #...
#.......#########.#.#####...
#.......#.....#####....##...
#.......'........#######....
#.......D........# #......#
#.......#Qz......# #.###...
#.......#...z....# #......#
#.......#........# ####....
#.......#D...R...# ##...


You could see a tengu reaver.


Message History

The blast of flame hits you! You resist. 😮 HP[-10] MP[-1]
You take 10 damage, and now have 81/144 hp.
You lost 1 mp, and now have 19/23 mp.
You puncture the fire dragon!
You kill the fire dragon!
Lugonu accepts your kill.
The tengu reaver hits you but does no damage.
Space warps around you! 😮 HP[-6] MP[-1]
You take 6 damage, and now have 75/144 hp.
You lost 1 mp, and now have 18/23 mp.
Reach: j) +7 demon trident (elec)
Press: ? - help, Dir - move target, f - tengu reaver
Aim: a tengu reaver, wielding a +3 bardiche of distortion and wearing a +0 ring mail (about 34% to evade your +7 demon trident of electrocution)
You reach to attack!
You barely miss the tengu reaver. 😮 HP[+1] Reach: j) +7 demon trident (elec)
Press: ? - help, Dir - move target, f/p - tengu reaver
Aim: a tengu reaver, wielding a +3 bardiche of distortion and wearing a +0 ring mail (about 34% to evade your +7 demon trident of electrocution)
You reach to attack!
You hit the tengu reaver.
The tengu reaver hits you but does no damage.
Space warps horribly around you!
* * * LOW HITPOINT WARNING * * *
😨 HP[-16]
You take 16 damage, and now have 60/144 hp.
Reach: j) +7 demon trident (elec)
Press: ? - help, Dir - move target, f/p - tengu reaver
Aim: a tengu reaver, wielding a +3 bardiche of distortion and wearing a +0 ring mail (lightly wounded, about 34% to evade your +7 demon trident of electrocution)
You reach to attack!
You hit the tengu reaver.
Lightning courses through the tengu reaver!!
You block the tengu reaver's attack. 😨 HP[+1] MP[-1]
You lost 1 mp, and now have 17/23 mp.
Reach: j) +7 demon trident (elec)
Press: ? - help, Dir - move target, f/p - tengu reaver
Aim: a tengu reaver, wielding a +3 bardiche of distortion and wearing a +0 ring mail (moderately wounded, about 34% to evade your +7 demon trident of electrocution)
You reach to attack!
You impale the tengu reaver!!
You block the tengu reaver's attack. 😨 HP[+1] MP[-1]
You lost 1 mp, and now have 16/23 mp.
Reach: j) +7 demon trident (elec)
Press: ? - help, Dir - move target, f/p - tengu reaver
Aim: a tengu reaver, wielding a +3 bardiche of distortion and wearing a +0 ring mail (heavily wounded, about 34% to evade your +7 demon trident of electrocution)
You reach to attack!
You hit the tengu reaver. 😨 HP[+1] MP[-1]
You lost 1 mp, and now have 15/23 mp.
Reach: j) +7 demon trident (elec)
Press: ? - help, Dir - move target, f/p - tengu reaver
Aim: a tengu reaver, wielding a +3 bardiche of distortion and wearing a +0 ring mail (heavily wounded, about 34% to evade your +7 demon trident of electrocution)
You reach to attack!
You hit the tengu reaver but do no damage.
The tengu reaver hits you from afar with a +3 bardiche of distortion!
* * * LOW HITPOINT WARNING * * *
Space warps around you.
* * * LOW HITPOINT WARNING * * *
😨 HP[-16] MP[-1]
You take 16 damage, and now have 47/144 hp.
You lost 1 mp, and now have 14/23 mp.
Reach: j) +7 demon trident (elec)
Press: ? - help, Dir - move target, f/p - tengu reaver
Aim: a tengu reaver, wielding a +3 bardiche of distortion and wearing a +0 ring mail (heavily wounded, about 34% to evade your +7 demon trident of electrocution)
You reach to attack!
You puncture the tengu reaver!
You block the tengu reaver's attack. 😨 HP[+1] MP[-1]
You lost 1 mp, and now have 13/23 mp.
Reach: j) +7 demon trident (elec)
Press: ? - help, Dir - move target, f/p - tengu reaver
Aim: a tengu reaver, wielding a +3 bardiche of distortion and wearing a +0 ring mail (severely wounded, about 34% to evade your +7 demon trident of electrocution)
You reach to attack!
You closely miss the tengu reaver.
You block the tengu reaver's attack. 😨 HP[+1] Reach: j) +7 demon trident (elec)
Press: ? - help, Dir - move target, f/p - tengu reaver
Aim: a tengu reaver, wielding a +3 bardiche of distortion and wearing a +0 ring mail (severely wounded, about 34% to evade your +7 demon trident of electrocution)
You reach to attack!
You miss the tengu reaver. 😨 HP[+1] MP[+1] Reach: j) +7 demon trident (elec)
Press: ? - help, Dir - move target, f/p - tengu reaver
Aim: a tengu reaver, wielding a +3 bardiche of distortion and wearing a +0 ring mail (severely wounded, about 34% to evade your +7 demon trident of electrocution)
You reach to attack!
You hit the tengu reaver.
The tengu reaver closely misses you. 😨 HP[+1] MP[-1]
You lost 1 mp, and now have 13/23 mp.
Reach: j) +7 demon trident (elec)
Press: ? - help, Dir - move target, f/p - tengu reaver
Aim: a tengu reaver, wielding a +3 bardiche of distortion and wearing a +0 ring mail (severely wounded, about 34% to evade your +7 demon trident of electrocution)
You reach to attack!
You closely miss the tengu reaver.
The tengu reaver hits you but does no damage.
Space warps around you.
* * * LOW HITPOINT WARNING * * *
😨 HP[-2]
You take 2 damage, and now have 49/144 hp.
Reach: j) +7 demon trident (elec)
Press: ? - help, Dir - move target, f/p - tengu reaver
Aim: a tengu reaver, wielding a +3 bardiche of distortion and wearing a +0 ring mail (severely wounded, about 34% to evade your +7 demon trident of electrocution)
You reach to attack!
You puncture the tengu reaver!
The tengu reaver points at you and mumbles some strange words.
The bolt of acid hits you!!!
You die...

Skill      XL: |  1  2  3  4  5  6  7  8  9 10 11 12 13 14 15 16 17 |
---------------+----------------------------------------------------+-----
Invocations    | 2 3 4 5 6 8 9 |  9.0
Polearms       | 2 3 4 5 6 7 8 9 10 11 12 13 | 13.6
Armour         | 2 3 4 5 6 7 8 9 10 11 12 13 | 13.5
Fighting       | 4 5 6 7 9 10 11 12 13 14 15 16 | 16.1
Throwing       | 1 3 4 6 7 9 10 | 10.0
Shields        | 3 5 6 8 9 10 | 10.0
Dodging        | |  0.7

Action                   |  1- 3 |  4- 6 |  7- 9 | 10-12 | 13-15 | 16-18 || total
-------------------------+-------+-------+-------+-------+-------+-------++-------
Melee: Spear             |   105 |   334 |   470 |   268 |       |       ||  1177
       Punch             |       |     3 |     6 |    13 |       |       ||    22
       Trident           |       |       |       |   651 |  1229 |       ||  1880
       Demon trident     |       |       |       |       |   362 |  1326 ||  1688
 Fire: Hunting sling     |     7 |       |     8 |     3 |       |       ||    18
Throw: Dart              |       |     7 |    29 |    11 |     4 |     3 ||    54
       Boomerang         |       |       |       |    25 |    12 |    13 ||    50
       Javelin           |       |       |       |       |       |     7 ||     7
Invok: Bend Space        |       |     4 |       |    12 |     3 |     5 ||    24
       Banish            |       |       |     2 |     6 |     4 |       ||    12
       Corrupt           |       |       |       |       |     1 |       ||     1
       Brand Weapon With |       |       |       |       |       |     1 ||     1
Evoke: Wand              |       |       |     4 |    18 |     7 |    11 ||    40
       Box of beasts     |       |       |       |       |       |     1 ||     1
       Phial of floods   |       |       |       |       |       |     1 ||     1
       Condenser vane    |       |       |       |       |       |     1 ||     1
  Use: Scroll            |       |     2 |     8 |     7 |     9 |     7 ||    33
 Stab: Distracted        |     1 |     1 |       |     2 |     2 |     1 ||     7
       Sleeping          |     3 |    11 |     7 |    10 |     4 |       ||    35
       Petrified         |       |       |       |       |     5 |       ||     5
       Petrifying        |       |       |       |       |     1 |       ||     1
       Confused          |       |       |       |       |       |     1 ||     1
Armor: Leather armour    |    18 |       |       |       |       |       ||    18
       Shadow dragon sca |     2 |   173 |   183 |   499 |   335 |       ||  1192
       Plate armour      |       |       |       |       |   599 |   890 ||  1489
Dodge: Dodged            |    35 |   114 |   140 |   382 |   449 |   297 ||  1417
Block: Buckler           |       |       |       |    23 |   388 |       ||   411
       Kite shield       |       |       |       |       |   220 |   742 ||   962

Levels and vault maps discovered:
D:1:      dpeg_arrival_houses_and_road, layout_rooms,
          minmay_misc_feat_diagonals, grunt_decor_cap, st_stairs_12
D:2:      layout_basic, uniq_jessica
D:3:      cheibrodos_greedy_goblins, layout_loops_ring, lemuel_crystal_altar,
          st_stairs_5, lightli_corner_chamber, uniq_terence
D:4:      layout_cave_pools, kennysheep_mini_moat, kennysheep_mini,
          serial_shops, nicolae_shop_bloodbath_and_beyond, portal_sewer_entry_f,
          uniq_grinder
D:5:      layout_layer_cave, mainiacjoe_overflow_alcove_4, uniq_sigmund,
          uniq_pikel, uniq_ijyb
D:6:      cheibrodos_fertilizer, layout_gridville,
          mainiacjoe_overflow_tiny_flanked, temple_fountains,
          minmay_three_doors, uniq_maggie, uniq_eustachio
D:7:      layout_cave_pools, trog_hazing_becter, evilmike_ruin_ashenzari,
          kennysheep_generic_room_16, uniq_joseph, uniq_duvessa
D:8:      layout_rooms, tgw_sif, lemuel_doored_altar, uniq_maurice
D:9:      layout_small_grid, serial_shops, nicolae_square_shop,
          gammafunk_ghost_stat_death, uniq_grum
D:10:     layout_loops_ring, okawaru_trees_1, fedhas_altar_4,
          lemuel_crystal_altar, mainiacjoe_overflow_alcove_2,
          minmay_orc_entry_temple_small, serial_shops, nicolae_shop_trees,
          nicolae_shop_stone, shop_fountains, nicolae_lakefront_shop,
          nicolae_stop_n_shop_2, gammafunk_ghost_ooze, uniq_erolcha
D:11:     layout_cross, david_lair_shrubbed, roderic_batcave,
          minmay_variable_closet, uniq_fannar
D:12:     layout_stronghold
D:13:     layout_small_grid, portal_ice_cave_entry_pillars_1, uniq_azrael,
          uniq_urug
D:14:     kennysheep_treasure_stockpile, layout_basic, erik_vaults_1,
          nicolae_twisting_strands, kennysheep_small_circle
D:15:     grunt_enter_depths_snipers, layout_cave_pools,
          hangedman_abyss_or_decor_stagger, lemuel_freeze_loot_1
Lair:1:   layout_cellular_growth
Lair:2:   layout_cave_pods
Lair:3:   layout_cave_pods, cheibrodos_lair_reptile_den, serial_bayou_shore_a
Lair:4:   layout_roguey, swamp_mist, guppyfry_snake_entry_island,
          serial_bayou_crossing
Lair:5:   layout_gridlike, dpeg_slime_entry_corner, enter_volcano_2,
          ebering_ghost_disaster_area, gauntlet_entry_generic
Lair:6:   hangedman_lair_tendril_chambers, layout_concentric_octagons,
          ice2_lemuel
Swamp:1:  nicolae_swamp_tree_isthmus, layout_basic_swamp,
          evilmike_swamp_ruin_house_5, swamp_pool4, uniq_mlioglotl
Swamp:2:  gammafunk_mikee_crab_dinner, layout_basic_swamp,
          gammafunk_ghost_grave, evilmike_swamp_ruin_rubble_2, swamp_pool5
Swamp:3:  layout_falls_marsh, hangedman_swamp_ruin_hall, uniq_mara,
          uniq_bai_suzhen
Swamp:4:  swamp_old_school, layout_basic_swamp, swamp_pool4
Snake:1:  nicolae_snake_attic_fulla_snakes, layout_rooms, minmay_shop_grove,
          uniq_frances
Orc:1:    layout_caves, basic_altar
Orc:2:    st_orc_town, layout_caves, serial_shops, nicolae_shop_statue_plus

Notes
Turn   | Place    | Note
-------+----------+-------------------------------------------
     0 | Abyss:1  | spiderkeys the Mummy Abyssal Knight began the quest for the
                  | Orb.
     0 | Abyss:1  | Reached XP level 1. HP: 18/18 MP: 2/2
     0 | Abyss:1  | magus.rc [v1.11.3]
    15 | D:1      | You pass through the gate.
    15 | D:1      | Escaped the Abyss
   236 | D:1      | Reached XP level 2. HP: 24/24 MP: 3/3
   419 | D:1      | Reached skill level 2 in Invocations
   571 | D:1      | Reached skill level 2 in Polearms
   571 | D:1      | Reached skill level 2 in Armour
   571 | D:1      | Gained mutation: You are in touch with the powers of death.
                  | [Mummy growth]
   571 | D:1      | Reached XP level 3. HP: 24/29 MP: 4/4
   646 | D:1      | You pick up a book of Touch and begin reading...
   646 | D:1      | You add the spells Static Discharge, Sticky Flame and
                  | Dispel Undead to your library.
   702 | D:1      | Reached *** piety under Lugonu
  1002 | D:2      | f - +0 shadow dragon scales {rare}
  1048 | D:2      | You finish putting on your +0 shadow dragon scales {rare}.
  1051 | D:2      | Noticed Jessica
  1063 | D:2      | Killed Jessica
  1213 | D:2      | Reached XP level 4. HP: 32/35 MP: 5/5
  1254 | D:2      | You add the spells Tukima's Dance, Passage of Golubria and
                  | Yara's Violent Unravelling to your library.
  1586 | D:3      | Found a shimmering altar of Xom.
  1687 | D:3      | Noticed Terence
  1699 | D:3      | Killed Terence
  1990 | D:3      | Reached XP level 5. HP: 42/42 MP: 7/7
  2428 | D:4      | Noticed Grinder
  2468 | D:4      | HP: 5/42 [orc priest/divine providence (14)]
  2484 | D:4      | Reached **** piety under Lugonu
  2517 | D:4      | Found a glowing drain.
  2529 | Sewer    | Entered a sewer
  2909 | Sewer    | Reached skill level 4 in Fighting
  2909 | Sewer    | Reached skill level 3 in Invocations
  3033 | Sewer    | Reached XP level 6. HP: 38/48 MP: 8/8
  3186 | Sewer    | Reached skill level 3 in Polearms
  3186 | Sewer    | Reached skill level 3 in Armour
  3599 | Sewer    | HP: 10/49 [river rat (7)]
  3973 | Sewer    | Reached XP level 7. HP: 46/55 MP: 9/9
  4113 | Sewer    | Reached skill level 5 in Fighting
  4113 | Sewer    | Reached skill level 4 in Invocations
  4601 | D:4      | You pick up a book of Conjurations and begin reading...
  4601 | D:4      | You add the spells Magic Dart, Searing Ray and Fulminant
                  | Prism to your library.
  4610 | D:4      | You pick up a book of Frost and begin reading...
  4610 | D:4      | You add the spells Freeze, Frozen Ramparts and Hailstorm to
                  | your library.
  4649 | D:4      | Killed Grinder
  4650 | D:4      | Reached skill level 4 in Polearms
  4650 | D:4      | Reached skill level 4 in Armour
  4650 | D:4      | Reached XP level 8. HP: 57/63 MP: 11/11
  4912 | D:4      | You pick up a book of Maledictions and begin reading...
  4912 | D:4      | You add the spells Anguish and Enfeeble to your library.
  4925 | D:4      | Found a shadowy altar of Dithmenos.
  5741 | D:4      | Found Gazuuggy's Weapon Emporium.
  5797 | D:5      | Entered Level 5 of the Dungeon
  5797 | D:5      | Noticed Ijyb
  5804 | D:5      | Killed Ijyb
  5988 | D:5      | You pick up a book of Armaments and begin reading...
  5988 | D:5      | You add the spells Stone Arrow, Animate Armour and
                  | Lehudib's Crystal Spear to your library.
  6727 | D:5      | Noticed Sigmund
  6745 | D:5      | Killed Sigmund
  6746 | D:5      | Reached skill level 6 in Fighting
  6746 | D:5      | Reached skill level 5 in Invocations
  7006 | D:5      | Found a stormy altar of Qazlal.
  7151 | D:5      | Noticed Pikel
  7233 | D:5      | Killed Pikel
  7234 | D:5      | Reached skill level 5 in Polearms
  7234 | D:5      | Reached skill level 5 in Armour
  7234 | D:5      | Reached XP level 9. HP: 44/71 MP: 11/13
  8038 | D:6      | Found a staircase to the Ecumenical Temple.
  8367 | D:6      | Noticed a two-headed ogre
  8370 | D:6      | Banished a two-headed ogre
  8371 | D:6      | Reached skill level 7 in Fighting
  8371 | D:6      | Reached skill level 6 in Invocations
  8566 | D:6      | Noticed a gargoyle
  8567 | D:6      | Banished a gargoyle
  8568 | D:6      | Reached skill level 6 in Polearms
  8568 | D:6      | Reached skill level 6 in Armour
  8650 | D:6      | Found a hazy altar of Hepliaklqana.
  8695 | D:6      | Noticed Eustachio
  8716 | D:6      | Killed Eustachio
  8735 | D:6      | Noticed Maggie
  8763 | D:6      | Killed Maggie
  8968 | D:6      | Reached XP level 10. HP: 80/80 MP: 15/15
  9614 | D:6      | Reached skill level 8 in Fighting
  9898 | D:6      | Reached skill level 7 in Invocations
 10211 | D:7      | Noticed Joseph
 10404 | D:7      | Killed Joseph
 11689 | D:7      | Found a broken altar of Ashenzari.
 11713 | D:7      | Noticed Duvessa
 11930 | D:7      | Identified the +8 trident of Vengeance {vorpal, Dex+3}
 11954 | D:7      | You pick up a book of Pain and begin reading...
 11954 | D:7      | You add the spells Pain, Agony and Excruciating Wounds to
                  | your library.
 11966 | D:7      | Noticed Dowan
 11975 | D:7      | Killed Duvessa
 11978 | D:7      | Killed Dowan
 12282 | D:7      | Found a bloodstained altar of Trog.
 12313 | D:7      | Reached ***** piety under Lugonu
 12435 | D:7      | Reached skill level 7 in Polearms
 12435 | D:7      | Reached skill level 7 in Armour
 12575 | D:8      | Noticed Maurice
 12716 | D:8      | Killed Maurice
 12790 | D:8      | Found a sacrificial altar of Ru.
 12840 | D:8      | Reached skill level 9 in Fighting
 13171 | D:8      | Found a shimmering blue altar of Sif Muna.
 13486 | D:9      | You pick up a book of Dreams and begin reading...
 13566 | D:9      | Found a transporter.
 13566 | D:9      | Noticed Taurus's ghost (novice DECj)
 13656 | D:9      | Reached skill level 8 in Invocations
 13726 | D:9      | Reached XP level 11. HP: 89/89 MP: 17/17
 13771 | D:9      | Found Varghoc's Magic Scroll Shop.
 13969 | D:9      | Noticed Grum
 14268 | D:8      | HP: 22/89 [yak (8)]
 14634 | D:9      | Killed Grum
 14713 | D:9      | You pick up a book of Party Tricks and begin reading...
 14713 | D:9      | You add the spells Apportation and Alistair's Intoxication
                  | to your library.
 14848 | D:9      | Found a transporter.
 14894 | D:10     | Entered Level 10 of the Dungeon
 14894 | D:10     | Found Lemmoxus's Weapon Shop.
 15163 | D:10     | Found a runed translucent gate.
 15163 | D:10     | Found a runed translucent gate.
 15163 | D:10     | Found a runed translucent gate.
 15167 | D:10     | Noticed osinmv's ghost (journeyman DECj)
 15214 | D:10     | Identified the +4 shortbow of Agony {vorpal, rN+}
 15218 | D:10     | Found Ocomu's Armour Boutique.
 15257 | D:10     | Noticed Erolcha
 15265 | D:10     | Killed Erolcha
 15330 | D:10     | Found a staircase to the Orcish Mines.
 15362 | D:10     | Reached skill level 8 in Armour
 15368 | D:10     | Reached skill level 8 in Polearms
 15431 | D:10     | You pick up a book of Frost and begin reading...
 15525 | D:10     | Found Joonteq's Distillery.
 15548 | D:10     | Found Waru's Antique Armour Emporium.
 15653 | D:10     | Found an iron altar of Okawaru.
 15702 | D:10     | Found a sparkling altar of Nemelex Xobeh.
 15835 | D:10     | Found a radiant altar of Vehumet.
 15872 | D:10     | Found a blossoming altar of Fedhas.
 15946 | D:10     | Found Uzaw's Antique Armour Shoppe.
 16060 | D:10     | Found a viscous altar of Jiyva.
 16074 | D:10     | Reached skill level 10 in Fighting
 16083 | D:10     | Killed osinmv's ghost
 16084 | D:10     | Reached skill level 9 in Invocations
 16114 | D:10     | Identified the ring of the Singing King {+Blink Str+6
                  | Dex+4}
 16118 | D:10     | Identified the +2 chain mail of the Coconut {Dex+3}
 16161 | D:11     | Noticed a two-headed ogre
 16162 | D:11     | Noticed a deep elf pyromancer
 16292 | D:11     | Noticed a two-headed ogre
 16301 | D:11     | Killed a two-headed ogre
 16302 | D:11     | Reached skill level 1 in Throwing
 16361 | D:11     | Killed a two-headed ogre
 16376 | D:11     | Noticed Fannar
 16613 | D:11     | Killed Fannar
 16614 | D:11     | Reached XP level 12. HP: 50/98 MP: 18/18
 16818 | D:11     | Reached skill level 2 in Throwing
 16907 | D:11     | Found a staircase to the Lair.
 17650 | D:11     | Reached ****** piety under Lugonu
 18132 | D:12     | Noticed a two-headed ogre
 18141 | D:12     | Killed a two-headed ogre
 18142 | D:12     | Reached skill level 3 in Throwing
 18142 | D:12     | Reached skill level 9 in Armour
 18204 | D:12     | You pick up a book of Decay and begin reading...
 18204 | D:12     | You add the spells Corpse Rot and Death Channel to your
                  | library.
 18311 | D:12     | Reached skill level 9 in Polearms
 18484 | D:12     | Noticed a two-headed ogre
 18490 | D:12     | Killed a two-headed ogre
 18491 | D:12     | Reached skill level 11 in Fighting
 18586 | D:12     | Reached skill level 1 in Shields
 18981 | D:12     | Noticed a two-headed ogre
 18989 | D:12     | Killed a two-headed ogre
 19298 | D:12     | Reached skill level 2 in Shields
 19364 | D:12     | Noticed a centaur warrior
 19377 | D:12     | Killed a centaur warrior
 19695 | D:12     | Noticed a five-headed hydra
 19696 | D:12     | Banished a five-headed hydra
 20254 | D:13     | Noticed Azrael
 20414 | D:13     | Noticed a catoblepas
 20421 | D:13     | Found a frozen archway.
 20433 | D:13     | Banished a catoblepas
 20436 | IceCv    | Entered an ice cave
 20454 | IceCv    | HP: 25/100 [death yak simulacrum (6)]
 20774 | IceCv    | Reached skill level 3 in Shields
 21161 | IceCv    | Gained mutation: You are strongly in touch with the powers
                  | of death. [Mummy growth]
 21161 | IceCv    | Reached XP level 13. HP: 106/106 MP: 19/19
 21568 | IceCv    | Found an ancient bone altar of Kikubaaqudgha.
 22255 | IceCv    | Reached skill level 12 in Fighting
 22255 | IceCv    | Reached skill level 10 in Armour
 22255 | IceCv    | Reached skill level 4 in Shields
 22299 | IceCv    | Reached skill level 10 in Polearms
 22461 | IceCv    | You add the spells Summon Ice Beast, Metabolic
                  | Englaciation, Ozocubu's Refrigeration and Polar Vortex to
                  | your library.
 22461 | IceCv    | Got Ecu Rum's Incunabulum of Instinct
 23179 | Lair:1   | Entered Level 1 of the Lair of Beasts
 24576 | Lair:1   | You pick up a book of the Earth and begin reading...
 24576 | Lair:1   | You add the spells Leda's Liquefaction and Lee's Rapid
                  | Deconstruction to your library.
 25020 | Lair:2   | Reached skill level 4 in Throwing
 25699 | Lair:2   | Reached skill level 5 in Shields
 26317 | Lair:3   | You fall into a shaft and drop 1 floor!
 26843 | Lair:4   | Identified the +3 flail "Xeramn" {spect, *Corrode rC+
                  | Dex+3}
 27197 | Lair:4   | Found a staircase to the Snake Pit.
 27351 | Lair:4   | Found a staircase to the Swamp.
 27357 | Lair:4   | You pick up a book of Ice and begin reading...
 27357 | Lair:4   | You add the spells Freezing Cloud and Simulacrum to your
                  | library.
 27820 | Lair:5   | Found a gate leading to a gauntlet.
 27830 | Gauntlet | Entered a Gauntlet
 27830 | Gauntlet | Found a transporter.
 27840 | Gauntlet | Found a transporter.
 27847 | Gauntlet | Found a transporter.
 27862 | Gauntlet | Found a transporter.
 27867 | Gauntlet | Found a transporter.
 27882 | Gauntlet | Found a transporter.
 27886 | Gauntlet | Noticed a dire elephant
 27901 | Gauntlet | Found a transporter.
 27913 | Gauntlet | Found a transporter.
 27925 | Gauntlet | Found a transporter.
 27931 | Gauntlet | Found a transporter.
 27948 | Gauntlet | Found a transporter.
 27960 | Gauntlet | Found a transporter.
 27967 | Gauntlet | Found a transporter.
 28006 | Gauntlet | Found a transporter.
 28011 | Gauntlet | Found a transporter.
 28036 | Gauntlet | Found a transporter.
 28038 | Gauntlet | Found a transporter.
 28038 | Gauntlet | Found a transporter.
 28162 | Gauntlet | Reached XP level 14. HP: 64/116 MP: 20/20
 28409 | Gauntlet | Identified the +0 cloak "Ahijumul" {Will+ Stlth+}
 28418 | Gauntlet | Corrupted Gauntlet
 28433 | Gauntlet | Identified the +2 helmet of Giyg {rElec rF+ Int+2}
 28449 | Gauntlet | Noticed a balrug
 28459 | Gauntlet | Noticed a starcursed mass
 28501 | Gauntlet | Identified the ring "Wasocero" {Wiz Dex+6}
 28939 | Gauntlet | You pick up a book of the Senses and begin reading...
 28939 | Gauntlet | You add the spells Dazzling Flash and Silence to your
                  | library.
 29090 | Lair:5   | Reached skill level 5 in Throwing
 29125 | Lair:5   | Found a staircase to the Slime Pits.
 29585 | D:10     | Bought an amber-encrusted plate armour for 784 gold pieces
 29585 | D:10     | Identified the +1 plate armour of Boredom {Int+5} (You
                  | bought it in a shop on level 10 of the Dungeon)
 29587 | D:10     | Bought a pair of glowing gloves for 210 gold pieces
 29587 | D:10     | Bought a pair of boots for 126 gold pieces
 29867 | Lair:5   | Reached skill level 13 in Fighting
 30009 | Lair:4   | Reached skill level 6 in Shields
 30148 | Lair:5   | Found a large runed translucent door.
 30149 | Lair:5   | Found a large runed translucent door.
 30433 | Lair:5   | Noticed croobank's ghost (journeyman GnDe)
 30454 | Lair:5   | Killed croobank's ghost
 30456 | Lair:5   | Identified the +8 plate armour of the Riding Gods {rElec
                  | rF+ rC++}
 30466 | Lair:5   | You finish taking off your +0 shadow dragon scales {rare}.
 30586 | Lair:5   | Reached skill level 11 in Armour
 30698 | Lair:6   | Entered Level 6 of the Lair of Beasts
 30731 | Lair:5   | Reached skill level 11 in Polearms
 31360 | Lair:6   | Reached skill level 6 in Throwing
 32160 | Lair:6   | Reached XP level 15. HP: 115/124 MP: 0/21
 32178 | Lair:6   | Reached skill level 7 in Shields
 32953 | Lair:6   | Identified a scroll of acquirement
 33022 | Lair:6   | You pick up a book of Maledictions and begin reading...
 33026 | Lair:6   | Acquired a +3 demon trident of electrocution
 33546 | Orc:1    | Entered Level 1 of the Orcish Mines
 33964 | D:13     | Noticed Urug
 33970 | D:13     | Killed Urug
 33972 | D:13     | a +3 eveningstar of draining {rare}; the orc corpse of Urug
 33993 | D:13     | a +3 eveningstar of draining {rare}; the orc corpse of Urug
 34184 | D:12     | You drop +0 shadow dragon scales {rare}.
 34329 | D:13     | Banished Azrael
 34330 | D:13     | Reached skill level 14 in Fighting
 34330 | D:13     | Reached skill level 7 in Throwing
 34522 | D:14     | Found a gate to the Vaults.
 34689 | D:14     | You pick up a book of Minor Magic and begin reading...
 34689 | D:14     | You add the spells Call Imp and Mephitic Cloud to your
                  | library.
 34754 | D:14     | You fall into a shaft and drop 1 floor!
 34754 | D:15     | Entered Level 15 of the Dungeon
 35388 | D:14     | Found a runed translucent gate.
 35388 | D:14     | Found a runed translucent gate.
 35388 | D:14     | Found a runed translucent gate.
 35392 | D:14     | Noticed a tengu reaver
 35458 | D:14     | Reached skill level 12 in Polearms
 35587 | D:14     | Found the +3 giant club "Skullcrusher" {speed, Str+7}
 35591 | D:14     | Identified the ring "Forget-Me-Not" {rPois Str+2 Dex+6 SInv
                  | Stlth+}
 35593 | D:14     | Reached skill level 12 in Armour
 35650 | D:14     | Reached skill level 8 in Shields
 35836 | D:14     | Found a runed translucent gate.
 35836 | D:14     | Found a runed translucent gate.
 35836 | D:14     | Found a runed translucent gate.
 36134 | D:14     | Found a snail-covered altar of Cheibriados.
 36774 | D:15     | Reached XP level 16. HP: 127/134 MP: 17/22
 37323 | D:15     | Found a staircase to the Depths.
 37537 | D:15     | magus.rc [v1.11.3]
 38175 | Orc:2    | Entered Level 2 of the Orcish Mines
 38211 | Orc:2    | Reached skill level 8 in Throwing
 38370 | Orc:2    | Found a staircase to the Elven Halls.
 38419 | Orc:2    | Found Yjump's Armour Shop.
 38420 | Orc:2    | magus.rc [v1.11.3]
 38857 | Orc:2    | Found Timy's Book Emporium.
 38981 | Orc:2    | Found Teon Etuem's Antique Weapon Boutique.
 39236 | Orc:2    | Found Turelipu's General Store.
 39304 | Orc:2    | Found Joduik's General Store.
 40010 | Swamp:1  | Entered Level 1 of the Swamp
 40903 | Swamp:1  | Noticed Mlioglotl
 40918 | Swamp:1  | Killed Mlioglotl
 41188 | Swamp:2  | Reached skill level 9 in Shields
 41258 | Swamp:2  | Noticed Zomibl Ceupp's ghost (adept OpMo)
 41258 | Swamp:2  | Found a runed translucent door.
 41264 | Swamp:2  | Reached skill level 15 in Fighting
 41511 | Swamp:2  | Found a runed translucent door.
 42278 | Swamp:2  | Paralysed by you for 5 turns
 42294 | Swamp:2  | Identified the +4 leather armour of Conscience {Contam rF+
                  | rCorr Dex+4}
 42483 | Swamp:2  | Killed Zomibl Ceupp's ghost
 42561 | Swamp:3  | Noticed Mara
 42577 | Swamp:3  | Noticed spiderkeys's illusion
 42585 | Swamp:3  | HP: 31/136 [spiderkeys's illusion (illusionary)[Mara] (9)]
 42790 | Swamp:3  | Noticed spiderkeys's illusion
 42902 | Swamp:3  | Noticed spiderkeys's illusion
 42989 | Swamp:3  | Noticed spiderkeys's illusion
 43090 | Swamp:3  | Noticed Bai Suzhen
 43139 | Swamp:3  | Noticed spiderkeys's illusion
 43168 | Swamp:3  | Noticed spiderkeys's illusion
 43415 | Swamp:1  | HP: 21/136 [Bai Suzhen/torrent of water (20)]
 43445 | Swamp:1  | Killed Bai Suzhen
 43446 | Swamp:1  | Reached skill level 9 in Throwing
 43968 | Swamp:3  | Noticed spiderkeys's illusion
 44115 | Swamp:3  | Noticed spiderkeys's illusion
 44127 | Swamp:3  | Noticed spiderkeys's illusion
 44150 | Swamp:2  | Killed Mara
 44151 | Swamp:2  | Reached skill level 13 in Polearms
 44151 | Swamp:2  | Reached XP level 17. HP: 117/142 MP: 11/23
 44157 | Swamp:2  | Identified a +3 demon trident of distortion (a +1 demon
                  | trident of electrocution corrupted by Lugonu)
 44157 | Swamp:2  | Received a gift from Lugonu
 44292 | Swamp:3  | Reached skill level 13 in Armour
 44692 | Swamp:4  | Entered Level 4 of the Swamp
 45230 | Swamp:4  | Noticed the 27-headed Lernaean hydra
 45237 | Swamp:4  | Killed the 27-headed Lernaean hydra
 45326 | Swamp:4  | Reached skill level 10 in Shields
 45804 | Swamp:4  | You pick up a book of Vapours and begin reading...
 45854 | Swamp:4  | Got a decaying rune of Zot
 46621 | Snake:1  | Entered Level 1 of the Snake Pit
 46646 | Snake:1  | Reached skill level 16 in Fighting
 46728 | Snake:1  | Identified the +6 flail "Otagiz" {spect, rPois rF- Str+4
                  | Stlth+}
 47009 | Snake:1  | Reached skill level 10 in Throwing
 47014 | Snake:1  | Noticed Frances
 47055 | Snake:1  | Found Nuut's Book Emporium.
 47135 | Snake:1  | Killed Frances
 47261 | Snake:1  | Found Oxkuapej's Jewellery Boutique.
 47262 | Snake:1  | Found Qizxaybi's Book Emporium.
 47686 | D:14     | Killed from afar by a tengu reaver

Vanquished Creatures
  Mara (Swamp:2)
  the Lernaean hydra (Swamp:4)
  Mlioglotl (Swamp:1)
  Frances (Snake:1)
  A fenstrider witch (Swamp:2)
  The ghost of Zomibl Ceupp the Unseen, an adept OpMo of Dithmenos (Swamp:2)
  A stone giant (D:15)
  3 eleionomae
  6 bunyips
  The ghost of croobank the Covert, a journeyman GnDe of Gozag (Lair:5)
  A dire elephant (Gauntlet)
  A fire dragon (D:14)
  Fannar (D:11)
  19 hydras
  3 boulder beetles
  A great orb of eyes (Gauntlet)
  A spriggan air mage (Swamp:4)
  10 ghost crabs
  Erolcha (D:10)
  4 catoblepae
  10 two-headed ogres
  7 centaur warriors
  3 naga warriors (Snake:1)
  2 dancing weapons (D:13)
  An ogre mage (D:15)
  8 alligators
  15 death yaks
  The ghost of osinmv the Destroyer, a journeyman DECj of Vehumet (D:10)
  5 tengu warriors
  A thrashing horror (Gauntlet)
  3 spriggan berserkers (Swamp:4)
  Urug (D:13)
  5 naga sharpshooters (Snake:1)
  6 goliath frogs
  9 spriggan druids
  A death drake (Swamp:4)
  5 bog bodies
  14 swamp dragons
  Pikel (D:5)
  A deep elf zephyrmancer (D:14)
  8 orc knights
  A necromancer (IceCv)
  9 ugly things
  3 deep elf pyromancers
  A wolf spider (Lair:6)
  4 harpies (D:14)
  An orc sorcerer (Orc:2)
  7 cyclopes
  A mana viper (Snake:1)
  A manticore (D:14)
  2 salamanders (Snake:1)
  2 will-o-the-wisps
  A worldbinder (Gauntlet)
  A guardian serpent (Lair:6)
  An ice statue (IceCv)
  Maurice (D:8)
  13 elephants
  9 black mambas
  Joseph (D:7)
  A torpor snail (Lair:2)
  2 naga magi (Snake:1)
  5 apocalypse crabs (Swamp:2)
  17 cane toads
  2 unseen horrors (D:12)
  3 freezing wraiths
  Maggie (D:6)
  3 gargoyles
  2 efreet (D:14)
  A kobold demonologist (D:12)
  3 rime drakes
  13 ice devils (IceCv)
  8 komodo dragons
  2 entropy weaver simulacra (IceCv)
  2 anaconda simulacra (IceCv)
  3 meliai (D:15)
  A polar bear (Lair:6)
  7 trolls
  14 hornets
  2 bloated husks (Swamp:1)
  Grinder (D:4)
  4 tyrant leeches
  9 blink frogs
  3 slime creatures (D:15)
  6 dream sheep
  A centaur simulacrum (D:14)
  Sigmund (D:5)
  9 spriggans
  56 yaks
  2 shadows (Gauntlet)
  6 basilisks
  A dire elephant simulacrum (IceCv)
  A large abomination (Gauntlet)
  6 wraiths
  Eustachio (D:6)
  10 wyverns
  6 fire elementals (D:13)
  Grum (D:9)
  2 redbacks (Lair:6)
  4 death yak simulacra (IceCv)
  6 small abominations (Gauntlet)
  8 vampire mosquitoes
  A steam dragon (D:6)
  8 nagas
  8 wargs
  A harpy simulacrum (IceCv)
  25 water moccasins
  14 swamp worms
  Duvessa (D:7)
  A hell hound (D:13)
  10 swamp drakes
  A sky beast (shapeshifter) (D:14)
  34 orc warriors
  2 sky beasts
  5 ice beasts
  10 ogres
  3 boggarts (Gauntlet)
  7 wolves
  3 lemures (D:5)
  A phantom (D:6)
  5 centaurs
  9 bullfrogs
  15 kobold brigands
  2 necrophages
  A scorpion (D:6)
  6 cane toad simulacra (IceCv)
  10 wights
  A two-headed ogre simulacrum (IceCv)
  Dowan (D:7)
  4 elephant simulacra (IceCv)
  18 killer bees
  2 howler monkeys
  A vampire bat (D:11)
  An electric eel (Lair:3)
  14 jellies
  3 hounds
  14 orc priests
  A gnoll shaman (D:4)
  Ijyb (D:5)
  Jessica (D:2)
  2 iguanas
  Terence (D:3)
  17 orc wizards
  4 polar bear simulacra (IceCv)
  A spriggan simulacrum (IceCv)
  2 wolf simulacra (IceCv)
  8 gnolls
  A naga simulacrum (IceCv)
  13 adders
  3 river rats (Sewer)
  2 shadow imps (D:6)
  6 white imps
  An ufetubus (IceCv)
  6 dart slugs
  3 worms (Sewer)
  58 orcs
  12 ball pythons
  18 bats
  12 endoplasms
  4 giant cockroaches
  18 goblins
  13 hobgoblins
  5 quokkas
  A frilled lizard (D:3)
  35 kobolds
  4 rats
956 creatures vanquished.

Vanquished Creatures (collateral kills)
  Bai Suzhen (Swamp:1)
  A bog body (Swamp:3)
2 creatures vanquished.

Vanquished Creatures (others)
  A minotaur (Gauntlet)
  A hydra (D:14)
  An alligator (Swamp:3)
  A spriggan druid (Swamp:4)
  A cyclops (D:14)
  2 hornets (Swamp:4)
  2 spriggans (Swamp:4)
  3 small abominations (Gauntlet)
  An orc (D:13)
  2 kobolds (D:8)
  A bush (Lair:6)
  16 foxfires
  31 fungi
  46 plants
  11 toadstools (D:6)
  14 withered plants
134 creatures vanquished.

Grand Total: 1092 creatures vanquished

Table legend:
 A = Non-vault XP
 B = Vault XP
 C = Vault XP percentage of total XP
 D = Non-vault monster count
 E = Vault monster count
 F = Vault count percentage of total count
                 A         B        C        D         E       F
            +---------+---------+-------+---------+---------+-------
      Total |  167750 |  103117 |  38.1 |     595 |     374 |  38.6
            +---------+---------+-------+---------+---------+-------
        D:1 |      47 |       2 |   4.1 |      24 |       1 |   4.0
        D:2 |      32 |      37 |  53.6 |      13 |       1 |   7.1
        D:3 |      75 |      72 |  49.0 |      19 |      14 |  42.4
        D:4 |     340 |     273 |  44.5 |      22 |       4 |  15.4
        D:5 |     392 |    1159 |  74.7 |      12 |       4 |  25.0
        D:6 |    1127 |    2368 |  67.8 |      18 |      20 |  52.6
        D:7 |    1618 |     709 |  30.5 |      20 |      10 |  33.3
        D:8 |    1696 |     497 |  22.7 |      20 |       2 |   9.1
        D:9 |    3095 |     641 |  17.2 |      32 |       5 |  13.5
       D:10 |    3457 |    2719 |  44.0 |      17 |      14 |  45.2
       D:11 |    4432 |    1298 |  22.7 |      16 |      11 |  40.7
       D:12 |    9409 |       0 |   0.0 |      27 |       0 |   0.0
       D:13 |    5865 |    4718 |  44.6 |      13 |      11 |  45.8
       D:14 |   12372 |    9235 |  42.7 |      23 |      17 |  42.5
       D:15 |   10402 |    2683 |  20.5 |      24 |       3 |  11.1
     Lair:1 |    5244 |       0 |   0.0 |      22 |       0 |   0.0
     Lair:2 |    3987 |       0 |   0.0 |      16 |       0 |   0.0
     Lair:3 |    1014 |     357 |  26.0 |       5 |       7 |  58.3
     Lair:4 |    5470 |     332 |   5.7 |      13 |       2 |  13.3
     Lair:5 |   15423 |    2321 |  13.1 |      34 |      10 |  22.7
     Lair:6 |   16064 |    9834 |  38.0 |      41 |      35 |  46.1
    Swamp:1 |   11230 |    4644 |  29.3 |      23 |       2 |   8.0
    Swamp:2 |   14194 |   15469 |  52.1 |      25 |      21 |  45.7
    Swamp:3 |    6439 |       0 |   0.0 |      11 |       0 |   0.0
    Swamp:4 |   20101 |   16212 |  44.6 |      40 |      24 |  37.5
    Snake:1 |   10284 |    1405 |  12.0 |      20 |       1 |   4.8
      Orc:1 |    2365 |       0 |   0.0 |      27 |       0 |   0.0
      Orc:2 |    1576 |    7774 |  83.1 |      18 |      56 |  75.7
      Sewer |       0 |     856 | 100.0 |       0 |      28 | 100.0
      IceCv |       0 |   10406 | 100.0 |       0 |      51 | 100.0
   Gauntlet |       0 |    7096 | 100.0 |       0 |      20 | 100.0
            +---------+---------+-------+---------+---------+-------

Illustrated notes

Table legend:
 A = Kills in this place as a percentage of kills in entire the game.
 B = Kills by you in this place as a percentage of kills by you in the entire game.
 C = Kills by friends in this place as a percentage of kills by friends in the entire game.
 D = Other kills in this place as a percentage of other kills in the entire game.
 E = Experience gained in this place as a percentage of experience gained in the entire game.
 F = Experience gained in this place divided by the number of levels of this place that you have seen.
                   A       B       C       D       E      F
               +-------+-------+-------+-------+-------+----------------------
         Total | 100.0 | 100.0 | 100.0 | 100.0 | 100.0 | 8464.6
       Dungeon |  43.0 |  42.9 |   0.0 |  57.1 |  29.8 | 5384.7
          Lair |  19.1 |  19.3 |   0.0 |   7.1 |  22.2 | 10007.7
         Swamp |  15.1 |  14.8 | 100.0 |  21.4 |  32.6 | 22072.2
     Snake Pit |   2.2 |   2.2 |   0.0 |   0.0 |   4.3 | 11689.0
  Orcish Mines |  10.4 |  10.6 |   0.0 |   0.0 |   4.3 | 5857.5
         Sewer |   2.9 |   2.9 |   0.0 |   0.0 |   0.3 | 856.0
      Ice Cave |   5.3 |   5.1 |   0.0 |  14.3 |   3.8 | 10406.0
      Gauntlet |   2.1 |   2.1 |   0.0 |   0.0 |   2.6 | 7096.0
               +-------+-------+-------+-------+-------+----------------------

Table legend: (Time is in decaauts)
 A = Elapsed time spent in this place.
 B = Non-inter-level travel time spent in this place.
 C = Inter-level travel time spent in this place.
 D = Time resting spent in this place.
 E = Time spent auto-exploring this place.
 F = Levels seen in this place.
 G = Mean time per level.
                   A        B        C        D        E       F      G
               +--------+--------+--------+--------+--------+-----+--------+
         Total |  47545 |  44799 |   2746 |  10834 |  24081 |  32 | 1485.8 |
       Dungeon |  23821 |  22059 |   1762 |   6049 |  11548 |  15 | 1588.1 |
          Lair |   9192 |   8501 |    691 |   1174 |   5859 |   6 | 1532.0 |
         Swamp |   6555 |   6349 |    206 |   1393 |   3440 |   4 | 1638.8 |
     Snake Pit |    640 |    622 |     18 |    163 |    269 |   1 |  640.0 |
  Orcish Mines |   2040 |   1972 |     68 |      0 |   1592 |   2 | 1020.0 |
         Abyss |     15 |     15 |      0 |      0 |      6 |   1 |   15.0 |
         Sewer |   1988 |   1988 |      0 |    553 |   1009 |   1 | 1988.0 |
      Ice Cave |   2082 |   2082 |      0 |   1330 |    282 |   1 | 2082.0 |
      Gauntlet |   1210 |   1210 |      0 |    172 |     75 |   1 | 1210.0 |
               +--------+--------+--------+--------+--------+-----+--------+

Top non-repeatable levels by time:
    D:12: 2665 daAuts
 Swamp:2: 2574 daAuts
     D:6: 2431 daAuts
     D:5: 2408 daAuts
    D:10: 2230 daAuts
   IceCv: 2082 daAuts
    D:14: 2017 daAuts
   Sewer: 1988 daAuts
  Lair:6: 1932 daAuts
 Swamp:4: 1865 daAuts
  Lair:1: 1807 daAuts
     D:7: 1803 daAuts
  Lair:5: 1764 daAuts
  Lair:4: 1508 daAuts
   Orc:2: 1451 daAuts
